AoeStats
← gob b

Highland

505504783Analyzed
4v4 RM · 21d ago on Sep 9, 2026· 38m 35s· 8 players
Game mode
Random Map
Map size
Large (8 player)
Population
200
Speed
Normal
Resources
Standard
Victory
Conquest
Starting age
Dark Age
Ending age
Imperial Age
RankedLock teamsTeams togetherTeam positionsShared explorationLock speedFull tech treeHidden civsTurbo modeCheats
Victory
Defeat
🇬🇪 Mongols · Georgia
1080
+14
🇪🇸 Ethiopians · Spain
1043
+16
🇫🇷 Georgians · France
1010
+16
🇮🇳 Teutons · India
1078
-17
🇧🇷 Bulgarians · Brazil
1050
-16
🇨🇱 Vikings · Chile
1031
-15
🇪🇨 Persians · Ecuador
986
-14
软脚虾5号(p6有机会获得妙卡奶牛)
0:51 Loom
10:27 Feudal Age
14:39 Castle Age
13:42 Double-Bit Axe
18:04 Horse Collar
23:20 Bow Saw
23:58 Heavy Plow
25:28 Wheelbarrow
24:40 Town Watch
26:54 Gold Mining
30:47 Imperial Age
28:54 Ballistics
28:31 Stone Mining
29:44 Hand Cart
29:22 Fletching
29:32 Padded Archer Armor
29:54 Scale Mail Armor
30:05 Forging
29:46 Man-at-Arms
30:41 Squires
30:37 Long Swordsman
31:34 Chain Mail Armor
32:05 Conscription
31:23 Two-Handed Swordsman
32:54 Iron Casting
32:41 Champion
35:04 Blast Furnace
34:00 Bodkin Arrow
34:27 Perfusion
37:49 Two-Man Saw
37:23 Crop Rotation
37:18 Pikeman
38:01 Anarchy
38:19 Elite Huskarl
DOM
2:18 Loom
11:10 Feudal Age
12:12 Double-Bit Axe
12:36 Horse Collar
14:05 Fletching
16:02 Padded Archer Armor
20:06 Castle Age
21:07 Bow Saw
21:19 Gold Mining
20:53 Crossbowman
22:22 Squires
23:15 Wheelbarrow
22:58 Leather Archer Armor
24:17 Stone Mining
24:48 Heavy Plow
24:46 Bodkin Arrow
25:42 Town Watch
28:02 Scale Mail Armor
29:09 Thumb Ring
30:02 Gold Shaft Mining
31:42 Stone Shaft Mining
34:38 Hand Cart
36:25 Caravan
39:37 Imperial Age
37:59 Royal Heirs
39:06 Forging
abgdevzt
2:51 Loom
10:45 Feudal Age
15:28 Castle Age
13:26 Double-Bit Axe
13:23 Horse Collar
16:46 Bow Saw
25:07 Stone Mining
25:27 Heavy Plow
25:44 Stone Mining
25:59 Gold Mining
27:38 Gold Shaft Mining
32:08 Imperial Age
30:32 Stone Shaft Mining
30:20 Fletching
30:43 Bloodlines
30:34 Husbandry
31:29 Wheelbarrow
30:41 Town Watch
31:22 Bodkin Arrow
31:28 Padded Archer Armor
32:22 Ballistics
31:58 Murder Holes
32:24 Caravan
33:05 Leather Archer Armor
33:40 Parthian Tactics
33:23 Thumb Ring
33:42 Bracer
34:51 Chemistry
34:09 Elite Mangudai
35:11 Scale Barding Armor
35:34 Masonry
36:44 Conscription
36:56 Siege Engineers
Pegasus75
12:10 Loom
13:55 Feudal Age
18:45 Castle Age
17:11 Stone Mining
17:12 Gold Mining
17:13 Double-Bit Axe
17:11 Horse Collar
20:30 Bow Saw
20:38 Fletching
24:29 Heavy Plow
28:51 Wheelbarrow
28:53 Bodkin Arrow
32:26 Hand Cart
33:18 Forging
39:02 Imperial Age
andrs_rg12
11:41 Feudal Age
15:49 Castle Age
14:02 Double-Bit Axe
14:00 Horse Collar
15:00 Gold Mining
15:55 Bloodlines
16:14 Scale Mail Armor
16:22 Scale Barding Armor
20:59 Forging
21:52 Loom
25:19 Fletching
33:29 Stone Mining
gob b
0:49 Loom
12:09 Feudal Age
15:58 Castle Age
14:25 Double-Bit Axe
14:24 Horse Collar
15:47 Gold Mining
17:21 Bow Saw
18:24 Wheelbarrow
24:54 Heavy Plow
27:12 Stone Mining
30:44 Imperial Age
28:32 Hand Cart
30:43 Forging
30:38 Scale Barding Armor
31:09 Bloodlines
31:09 Cavalier
32:26 Iron Casting
32:11 Chain Barding Armor
32:58 Conscription
33:47 Crop Rotation
34:20 Two-Man Saw
34:20 Plate Barding Armor
34:45 Blast Furnace
33:08 Paladin
34:39 Fletching
35:55 Chemistry
35:02 Siege Engineers
35:17 Ballistics
36:27 Bodkin Arrow
Calcetin
1:26 Loom
12:41 Feudal Age
17:54 Castle Age
16:23 Double-Bit Axe
17:03 Town Watch
20:48 Gold Mining
20:51 Stone Mining
21:24 Medium Warships
29:00 Horse Collar
34:13 Imperial Age
32:20 Heavy Plow
32:35 Bow Saw
33:12 Man-at-Arms
33:37 Gambesons
33:56 Chieftains
34:26 Long Swordsman
35:07 Squires
Balbinot0101711
8:13 Loom
10:12 Feudal Age
13:29 Double-Bit Axe
13:33 Horse Collar
23:00 Castle Age
22:00 Scale Mail Armor
22:11 Forging
24:03 Bow Saw
24:31 Squires
24:18 Gambesons
24:19 Arson
24:46 Gold Mining
27:07 Chain Mail Armor
27:27 Iron Casting
29:10 Wheelbarrow
31:30 Hand Cart
32:32 Fletching
35:42 Imperial Age
Connection lost

Rejoining the realm…

Still unreachable

The connection could not be restored.

Session expired

The server has moved on; the page needs a fresh start.